 Dungeon Crawl Stone Soup version 0.30.1 (webtiles) character file.

Game seed: 10157346015753576518

343 booth the Cudgeller (level 6, -8/37 HPs)
             Began as a Gargoyle Gladiator on July 11, 2023.
             Mangled by a gnoll sergeant
             ... wielding a +0 heavy spear
              (13 damage)
             ... on level 3 of the Dungeon.
             The game lasted 00:17:33 (1872 turns).

booth the Cudgeller (Gargoyle Gladiator)            Turns: 1872, Time: 00:17:34

Health: -8/37      AC: 11    Str: 19    XL:     6   Next: 57%
Magic:  6/6        EV: 13    Int: 18    God:
Gold:   104        SH:  0    Dex: 19    Spells: 5/5 levels left

rFire   . . .        t - +6 whip "Masmec" {heavy, Fragile rCorr Int+3 Dex+2}
rCold   . . .        (no shield)
rNeg    + . .        b - +0 leather armour
rPois   ∞            c - +0 helmet
rElec   +            (no cloak)
rCorr   +            p - +0 pair of gloves
SInv    +            (no boots)
Will    .....        (no amulet)
Stlth   +            l - +6 ring of dexterity
HPRegen 0.26/turn    q - +6 ring of intelligence
MPRegen 0.10/turn

%: no passive effects
@: mighty, brilliant
A: sickness immunity, AC +4, negative energy resistance 1, electricity
resistance, torment resistance 1, petrification resistance, iridescent scales 1,
see invisible, sense surroundings 1
a: no special abilities


You were on level 3 of the Dungeon.
You visited 1 branch of the dungeon, and saw 3 of its levels.

You collected 104 gold pieces.

Inventory:

Hand Weapons
 a - a +0 flail of venom
 f - a +7 vampiric lajatang
 g - a +0 mace
 t - the +6 whip "Masmec" (weapon) {heavy, Fragile rCorr Int+3 Dex+2}
   (You found it on level 2 of the Dungeon)

   Int:       It affects your intelligence (+3).
   Dex:       It affects your dexterity (+2).
   rCorr:     It protects you from acid and corrosion.
   Fragile:   It will be destroyed if unequipped.
Missiles
 d - a throwing net (quivered)
Armour
 b - a +0 leather armour (worn)
 c - a +0 helmet (worn)
 e - a +0 ring mail
 o - a +0 buckler
 p - a +0 pair of gloves (worn)
Jewellery
 l - a +6 ring of dexterity (left hand)
 q - a +6 ring of intelligence (right hand)
Scrolls
 k - 2 scrolls of vulnerability
 v - a scroll of teleportation
Potions
 u - a potion of curing


   Skills:
 + Level 3.6 Fighting
 + Level 4.2(4.6) Maces & Flails
 * Level 2.9(4.0) Staves
 + Level 3.0 Throwing
 + Level 3.3 Dodging


You had 5 spell levels left.
You didn't know any spells.
Your spell library contained the following spells:

 Spells                   Type           Power      Damage    Failure   Level
 Apportation              Tloc           0%         N/A       26%         1
 Necrotise                Necr           0%         1d4       26%         1
 Summon Small Mammal      Summ           0%         N/A       26%         1
 Dispel Undead            Necr           0%         3d6       95%         4
 Death Channel            Necr           0%         N/A       100%        6
 Cigotuvi's Dreadful Rot  Necr/Pois/Air  Unusable   N/A       N/A         2

Dungeon Overview and Level Annotations

Branches:
Dungeon (3/15)

Altars:
Sif Muna
Wu Jian


Innate Abilities, Weirdness & Mutations

You are immune to sickness and miasma.
Your stone body is resilient. (AC +4)
You are immune to poison.
You resist negative energy. (rN+)
You are resistant to electric shocks. (rElec)
You are resistant to unholy torment.
You are immune to petrification.
You are partially covered in iridescent scales. (AC +2)
You have supernaturally acute eyesight. (SInv)
You passively map a small area around you.


Message History

Ijyb hits you but does no damage.
You whack Ijyb!
You kill Ijyb!
The gnoll barely misses you. The gnoll hits you but does no damage.
You cannot move.
You cannot move.
You whack the gnoll!
You kill the gnoll!
Your Throwing skill increases to level 3!
Throw: 2 throwing nets
Press: ? - help, Q - select action Shift-Dir - straight line, f - gnoll sergeant
Aim: a gnoll sergeant, wielding a +0 heavy spear and wearing a +0 scale mail (70% to hit)
You throw a throwing net.
The throwing net hits the gnoll sergeant.
The gnoll sergeant is caught in the net!
The gnoll hits you but does no damage.
The gnoll sergeant struggles against the net.
The gnoll hits you but does no damage.
The gnoll sergeant struggles against the net.
You feel less wooden.
Your +0 helmet unmelds from your body.
Your +0 pair of gloves unmelds from your body.
Your +0 leather armour unmelds from your body.
The gnoll misses you.
The gnoll sergeant struggles against the net.
The gnoll barely misses you.
The gnoll sergeant struggles against the net.
Things that are here:
a +1 dagger of electrocution; a +0 ring mail; a wand of polymorph (3)
The gnoll sergeant struggles against the net.
The net rips apart, and the gnoll sergeant comes free!
The gnoll closely misses you.
You thrash the gnoll!!
You kill the gnoll!
The gnoll barely misses you.
The gnoll sergeant hits you from afar with a +0 heavy spear!
* * * LOW HITPOINT WARNING * * *
You barely miss the gnoll. The gnoll hits you but does no damage.
The gnoll sergeant hits you from afar with a +0 heavy spear!
You die...

,, ,....... ......##
#.# ####### ....#...
..# #. ,, ........
#$# #g * .....# #.#
#. , ....#######.##
#. * * *
*#.........(.# #.
*#.####..)..#######g
#.@gg..).).........
######.....########
#.....# #######


You could see a gnoll sergeant and a gnoll.

Vanquished Creatures
  Sigmund (D:3)
  Jessica (D:3)
  Ijyb (D:3)
  4 gnolls (D:3)
  3 adders (D:2)
  A worm (D:2)
  3 dart slugs
  2 orcs (D:3)
  4 ball pythons
  3 bats
  5 endoplasms
  3 giant cockroaches
  3 goblins
  6 hobgoblins
  3 jackals (D:1)
  6 kobolds
  4 quokkas
  2 rats
55 creatures vanquished.

Notes
Turn   | Place    | Note
-------+----------+-------------------------------------------
     0 | D:1      | booth the Gargoyle Gladiator began the quest for the Orb.
     0 | D:1      | Reached XP level 1. HP: 12/12 MP: 1/1
    65 | D:1      | Found a faded altar of an unknown god.
    91 | D:1      | Reached XP level 2. HP: 18/18 MP: 2/2
   559 | D:1      | Reached XP level 3. HP: 20/22 MP: 3/3
   723 | D:1      | Identified a scroll of acquirement
   730 | D:1      | Acquired a +6 vampiric lajatang
  1127 | D:2      | Reached XP level 4. HP: 23/27 MP: 4/4
  1138 | D:2      | Identified the +6 whip "Masmec" {heavy, Fragile rCorr Int+3
                  | Dex+2}
  1704 | D:3      | Noticed Jessica
  1705 | D:3      | Killed Jessica
  1706 | D:3      | Reached skill level 1 in Staves
  1743 | D:3      | Found an ornate altar of the Wu Jian Council.
  1780 | D:3      | Found a shimmering blue altar of Sif Muna.
  1781 | D:3      | Noticed Sigmund
  1801 | D:3      | Killed Sigmund
  1802 | D:3      | Reached skill level 4 in Maces & Flails
  1802 | D:3      | Reached XP level 5. HP: 13/32 MP: 5/5
  1802 | D:3      | Reached XP level 6. HP: 15/37 MP: 6/6
  1838 | D:3      | Noticed Ijyb
  1841 | D:3      | Gained mutation: You are partially covered in iridescent
                  | scales. (AC +2) [potion of mutation]
  1841 | D:3      | Gained mutation: You have supernaturally acute eyesight.
                  | (SInv) [potion of mutation]
  1841 | D:3      | Gained mutation: You passively map a small area around you.
                  | [potion of mutation]
  1856 | D:3      | Killed Ijyb
  1872 | D:3      | Mangled by a gnoll sergeant

Illustrated notes

Levels and vault maps discovered:
D:1:      dpeg_arrival_simpleton_c, layout_rooms,
          dreamdust_ecumenical_altar_angels_and_demons
D:2:      layout_basic, nrook_campfire, kennysheep_nondescript
D:3:      layout_loops_ring, vehumet_altar_wand_db,
          mainiacjoe_overflow_catch_the_wave, grunt_ministairs_1, uniq_sigmund,
          uniq_jessica, uniq_ijyb

Skill      XL: |  1  2  3  4  5  6 |
---------------+-------------------+-----
Throwing       | 2 3 |  3.0
Fighting       | 3 |  3.6
Staves         | 2 |  2.9
Dodging        | 3 |  3.3
Maces & Flails | 4 |  4.2

Action                     |  1- 3 |  4- 6 || total
---------------------------+-------+-------++-------
  Melee: Flail             |    67 |       ||    67
         Lajatang          |    30 |       ||    30
         Whip              |       |    32 ||    32
  Throw: Javelin           |       |     1 ||     1
         Throwing net      |       |     2 ||     2
    Use: Scroll            |     4 |     5 ||     9
         Potion            |     1 |     5 ||     6
 Armour: Leather armour    |    41 |     6 ||    47
         Skin              |       |     6 ||     6
  Dodge: Dodged            |    76 |    21 ||    97
  Block: Buckler           |     1 |       ||     1
